 Dungeon Sprint DCSS version 0.27-a0-538-g15ff5c5295 (webtiles) character file.

Game seed: 10710588331299588785

98 mhtbhm the Skirmisher (level 5, -1/55 HPs)
             Began as a Kobold Berserker on Mar 6, 2021.
             Was a Priest of Trog.
             Slain by an adder (2 damage)
             ... in the Dungeon (Sprint IX: "|||||||||||||||||||||||||||||").
             The game lasted 00:00:14 (162 turns).

mhtbhm the Skirmisher (Kobold Berserker)             Turns: 162, Time: 00:00:15

Health: -1/55      AC:  2    Str: 15    XL:     5   Next: 0%
Magic:  5/5        EV: 15    Int:  9    God:    Trog [***...]
Gold:   0          SH:  0    Dex: 14    Spells: 4/4 levels left

rFire    . . .     SeeInvis .   a - +0 mace
rCold    . . .     Faith    .   (shield restricted)
rNeg     . . .     Spirit   .   b - +0 animal skin
rPois    .         Reflect  .   (no helmet)
rElec    .         Harm     .   (no cloak)
rCorr    .         Rampage  .   (no gloves)
Will     .....     NoTele   +   (no boots)
Stlth    ..........             (no amulet)
HPRegen  0.18/turn              (no ring)
MPRegen  0.09/turn              (no ring)

@: berserking, very quick
A: small, nightstalker 3
a: Renounce Religion, Berserk, Trog's Hand


You were in the Dungeon.
You worshipped Trog.
Trog was most pleased with you.
You visited 1 branch

Inventory:

Hand Weapons
 a - a +0 mace (weapon)
Armour
 b - a +0 animal skin (worn)
Scrolls
 h - a scroll of blinking
Potions
 c - a potion of curing
 d - a potion of heal wounds
 e - a potion of haste
 f - 2 potions of magic
 g - a potion of berserk rage


   Skills:
 + Level 6.7 Fighting
 + Level 5.9 Maces & Flails
 + Level 2.6 Armour
 + Level 4.1 Dodging


You had 4 spell levels left.
You didn't know any spells.
Your spell library was empty.

Dungeon Overview and Level Annotations

Branches:
Dungeon (1/1)

Altars:


Innate Abilities, Weirdness & Mutations

You are small and have problems with some larger weapons.
You are completely attuned to the shadows.


Message History

You are too injured to fight recklessly!
You closely miss the phantom.
The phantom is severely damaged.
You sock the phantom!
You destroy the phantom!
Trog accepts your kill.
Your Fighting skill gained 3 levels and is now at level 6!
Your Maces & Flails skill gained 2 levels and is now at level 5!
Your Armour skill increases to level 2!
Your Dodging skill increases to level 3!
You have reached level 2!
You have reached level 3!
Your experience leads to an increase in your attributes!
Increase (S)trength, (I)ntelligence, or (D)exterity?
You feel stronger.
You have reached level 4!
You barely miss the iguana.
A sky beast appears from thin air!
Reactivating autopickup.
The iguana closely misses you.
You closely miss the iguana. The iguana bites you.
You sock the iguana!
The iguana is severely wounded.
The iguana bites you!
* * * LOW HITPOINT WARNING * * *
You hit the iguana.
The iguana is almost dead.
You hit the iguana.
The iguana is almost dead.
The iguana bites you.
* * * LOW HITPOINT WARNING * * *
You sock the iguana!
You kill the iguana!
Trog accepts your kill.
Your Dodging skill increases to level 4!
You have reached level 5!
You feel clever.
You hit the adder.
The adder is moderately wounded.
The adder bites you.
You die...

▓.▓
▓.▓
▓.▓
▓)▓
▓.▓
▓.▓
▓.▓
▓.▓
▓@▓
▓S▓
▓Y▓
▓.▓
▓≈▓


You could see a sky beast and an adder.

Vanquished Creatures
  A phantom (D)
  An iguana (D)
  A hobgoblin (D)
  A bat (D)
  A frilled lizard (D)
  2 kobolds (D)
7 creatures vanquished.

Notes
Turn   | Place    | Note
-------+----------+-------------------------------------------
     0 | D        | mhtbhm the Kobold Berserker began the quest for the Orb.
     0 | D        | Reached XP level 1. HP: 14/14 MP: 1/1
    10 | D        | Reached ** piety under Trog
   150 | D        | Noticed a phantom
   150 | D        | Noticed an iguana
   152 | D        | Noticed a sky beast
   155 | D        | Killed a phantom
   156 | D        | Reached skill level 6 in Fighting
   156 | D        | Reached skill level 5 in Maces & Flails
   156 | D        | Reached XP level 2. HP: 14/22 MP: 2/2
   156 | D        | Reached XP level 3. HP: 17/27 MP: 3/3
   156 | D        | Reached XP level 4. HP: 20/32 MP: 4/4
   160 | D        | HP: 1/48 [iguana (5)]
   161 | D        | Reached *** piety under Trog
   162 | D        | Reached XP level 5. HP: 1/37 MP: 5/5
   162 | D        | Slain by an adder

Illustrated notes

Levels and vault maps discovered:
D:        linesprint [early_d, line_temple, items_1, d_10, items_2, lair_1,
          lair_end, items_3, orc_1, orc_end, items_4, d_15, swamp_1, shoals_1,
          snake_1, spider_1, d_20, vaults_1, items_5, swamp_end, shoals_end,
          snake_end, spider_end, vaults_end, d_27, items_6, zot_1, zot_end,
          crypt_end, forest_end, elf_end, slime_end, tomb_end, abyss_end,
          pan_hell_end]

Skill      XL: |  1  2  3  4 |
---------------+-------------+-----
Maces & Flails | 5 |  5.9
Fighting       | 6 |  6.7
Armour         | 2 |  2.6
Dodging        | 3 4 |  4.1

Action                   |  1- 3 |  4- 6 || total
-------------------------+-------+-------++-------
Melee: Mace              |    13 |     7 ||    20
Invok: Berserk           |     2 |       ||     2
Dodge: Dodged            |     6 |     1 ||     7

Table legend: (Time is in decaauts)
 A = Elapsed time spent in this place.
 B = Non-inter-level travel time spent in this place.
 C = Inter-level travel time spent in this place.
 D = Time resting spent in this place.
 E = Time spent auto-exploring this place.
 F = Levels seen in this place.
 G = Mean time per level.
                   A        B        C        D        E       F      G
               +--------+--------+--------+--------+--------+-----+--------+
         Total |    166 |    166 |      0 |    132 |      0 |   1 |  166.0 |
       Dungeon |    166 |    166 |      0 |    132 |      0 |   1 |  166.0 |
               +--------+--------+--------+--------+--------+-----+--------+

Top non-repeatable levels by time:
       D: 166 daAuts
